[Event "Titled Tuesday Blitz October 04 Early 2022"]
[White "Le, Tuan Minh"]
[Black "Nakamura, Hikaru"]
[WhiteFideId "12401153"]
[BlackFideId "2016192"]
[WhiteElo "2530"]
[BlackElo "2909"]
[Result "0-1"]
[Round "08"]
[TimeControl "180+1"]
[Date "2022.10.04"]
[WhiteClock "0:00:01"]
[BlackClock "0:00:04"]

1. d4 g6 2. e4 Bg7 3. Nf3 d6 4. Bc4 Nf6 5. Qe2 O-O 6. O-O Bg4 7. Nbd2 Nc6 8. c3 e5 9. h3 Bxf3 10. Nxf3 exd4 11. cxd4 d5 12. exd5 Nxd5 13. Qe4 Nb6 14. Bb3 Re8 15. Qf4 Nd5 16. Qg4 Na5 17. Bg5 f6 18. Bd2 Nxb3 19. axb3 Qc8 20. Qg3 c6 21. Rfe1 Rxe1+ 22. Rxe1 Qd7 23. Ra1 Nc7 24. h4 Bf8 25. Qf4 Nd5 26. Qe4 Re8 27. Qd3 a6 28. Re1 Rd8 29. g3 Bd6 30. Kg2 Kf7 31. h5 Rh8 32. Rh1 g5 33. h6 Ne7 34. Bxg5 fxg5 35. Nxg5+ Ke8 36. Re1 Qg4 37. Ne4 Qg6 38. d5 cxd5 39. Qd4 Rf8 40. Nc5 Qf6 41. Qe3 d4 42. Qe6 Qxf2+ 43. Kh1 Qf3+ 44. Kg1 Qxg3+ 0-1


[Site "https://www.chess.com"]

[Event "Titled Tuesday Blitz October 04 Early 2022"]
[White "Matinian, Nikita"]
[Black "Rustemov, Alexander"]
[WhiteFideId "24129100"]
[BlackFideId "4119002"]
[WhiteElo "2422"]
[BlackElo "2812"]
[Result "1-0"]
[Round "08"]
[TimeControl "180+1"]
[Date "2022.10.04"]
[WhiteClock "0:00:11"]
[BlackClock "0:00:07"]

1. e4 e6 2. d4 d5 3. Nc3 Bb4 4. Ne2 Nf6 5. e5 Nfd7 6. a3 Be7 7. b4 b6 8. Nf4 c5 9. Qg4 O-O 10. Bd3 cxd4 11. Nxe6 fxe6 12. Qxe6+ Kh8 13. Nxd5 Re8 14. Nxe7 Qxe7 15. Qxe7 Rxe7 16. f4 Bb7 17. O-O Nc6 18. Bb2 a6 19. Rae1 b5 20. h4 Nb6 21. Bc1 Nc4 22. e6 g6 23. h5 Kg7 24. hxg6 hxg6 25. f5 gxf5 26. Rxf5 N6e5 27. Rexe5 Nxe5 28. Rxe5 Rae8 29. Rg5+ Kf6 30. Rg6+ Ke5 31. g3 Rxe6 32. Bf4+ Kd5 33. Rg5+ Re5 34. Bxe5 Rxe5 35. Rxe5+ Kxe5 36. Kf2 Bd5 37. Ke2 Be6 38. Kd2 Bd7 39. Kc1 Be6 40. Kb2 Bd7 41. a4 Bc6 42. a5 Bd7 43. Kc1 Bc6 44. Kd2 Bd7 45. c4 dxc3+ 46. Kxc3 Bc6 47. Bg6 Kf6 48. Bh5 Ke5 49. Be2 Bb7 50. Kd3 Be4+ 51. Ke3 Bd5 52. Bf3 Bxf3 53. Kxf3 Kd4 54. g4 Kc4 55. g5 Kxb4 56. g6 Kxa5 57. g7 Kb4 58. g8=Q a5 59. Qa2 a4 60. Ke4 Ka5 61. Kd4 b4 62. Kc5 b3 63. Qa3 Ka6 64. Qxa4+ Kb7 65. Qxb3+ Kc8 66. Qf7 Kb8 67. Kc6 Ka8 68. Qb7# 1-0


[Site "https://www.chess.com"]

[Event "Titled Tuesday Blitz October 04 Early 2022"]
[White "Pakleza, Zbigniew"]
[Black "Milikow, Yoav"]
[WhiteFideId "1119290"]
[BlackFideId "2822237"]
[WhiteElo "2411"]
[BlackElo "2341"]
[Result "1/2-1/2"]
[Round "08"]
[TimeControl "180+1"]
[Date "2022.10.04"]
[WhiteClock "0:00:03"]
[BlackClock "0:00:07"]

1. d4 Nf6 2. Nf3 d5 3. Bf4 e6 4. e3 c5 5. c3 Nc6 6. Nbd2 cxd4 7. cxd4 Nh5 8. Be5 f6 9. Bg3 Nxg3 10. hxg3 Bd7 11. Bd3 Qb6 12. Qb3 Nb4 13. Rxh7 Nxd3+ 14. Qxd3 Rxh7 15. Qxh7 Rc8 16. b3 Bb5 17. e4 Qc6 18. Rd1 Qc2 19. Qh5+ Ke7 20. exd5 Qd3 21. Ng1 Rc2 22. Qe2 Qxe2+ 23. Nxe2 exd5 24. a4 Ba6 25. Rc1 Rxc1+ 26. Nxc1 Kd7 27. Nf3 Bb4+ 28. Kd1 Bf1 29. Ne1 Bc3 30. Ne2 Bxe2+ 31. Kxe2 Bxd4 32. f3 Kd6 33. Nd3 g5 34. g4 Kc6 35. g3 b5 36. axb5+ Kxb5 37. f4 a5 38. Kd2 Bb6 39. Ke2 Bd4 40. Kd2 a4 41. bxa4+ Kxa4 42. Ke2 Kb3 43. Ne1 gxf4 44. gxf4 Bc3 45. Nd3 Kc2 46. g5 fxg5 47. fxg5 Bg7 48. g6 d4 49. Nb4+ Kc3 50. Nd3 Kc4 51. Nf4 Be5 52. Nd3 Bf6 53. Nf2 Bh8 54. Nd3 Kd5 55. Kf3 Ke6 56. Kg4 Kf6 57. Kh5 Bg7 58. Nf2 Kf5 59. Nd3 Ke4 60. Nc5+ Kd5 61. Nd3 Ke4 62. Nc5+ Ke5 63. Kg4 Kf6 64. Kf3 Kf5 65. Nd3 Bf8 66. Ne1 Bh6 67. Ke2 Kxg6 68. Nc2 Kf5 69. Nxd4+ 1/2-1/2


[Site "https://www.chess.com"]

[Event "Titled Tuesday Blitz October 04 Early 2022"]
[White "Piesik, Piotr"]
[Black "Vokhidov, Shamsiddin"]
[WhiteFideId "1136194"]
[BlackFideId "14204223"]
[WhiteElo "2323"]
[BlackElo "2619"]
[Result "0-1"]
[Round "08"]
[TimeControl "180+1"]
[Date "2022.10.04"]
[WhiteClock "0:00:36"]
[BlackClock "0:00:36"]

1. Nf3 c5 2. e4 g6 3. c3 d5 4. exd5 Qxd5 5. d4 Bg7 6. Na3 Nf6 7. Bc4 Qe4+ 8. Be3 O-O 9. dxc5 Ng4 10. Qc2 Qc6 11. Qe2 Nxe3 12. Qxe3 Nd7 13. Qxe7 Nxc5 14. O-O Bf6 15. Qe3 Re8 16. Qf4 Re4 17. Qh6 Rg4 18. h3 Bg7 19. Qd2 Rxg2+ 20. Kxg2 Bxh3+ 21. Kh2 Qxf3 22. Qg5 Ne4 23. Bd5 Nxg5 24. Bxf3 Bxf1 25. Bxb7 Rb8 0-1


[Site "https://www.chess.com"]

[Event "Titled Tuesday Blitz October 04 Early 2022"]
[White "Rostovtsev, Dmitry"]
[Black "Tang, Andrew"]
[WhiteFideId "34278320"]
[BlackFideId "2059630"]
[WhiteElo "2251"]
[BlackElo "2581"]
[Result "0-1"]
[Round "08"]
[TimeControl "180+1"]
[Date "2022.10.04"]
[WhiteClock "0:00:34"]
[BlackClock "0:00:12"]

1. e4 e5 2. Nf3 Nc6 3. Bb5 g6 4. d4 exd4 5. Bg5 Be7 6. Bxe7 Qxe7 7. O-O Qb4 8. Bxc6 dxc6 9. Qxd4 Qxd4 10. Nxd4 Ne7 11. Nc3 c5 12. Ndb5 Kd7 13. Nd5 Nxd5 14. exd5 b6 15. Rfe1 Ba6 16. a4 Rhe8 17. f3 Bxb5 18. axb5 c4 19. Rxe8 Rxe8 20. Kf2 Re5 21. b3 cxb3 22. c4 Kd6 23. Ra3 Kc5 24. Rxb3 Kxc4 25. Ra3 Kxd5 26. Rxa7 Kd6 27. Ra8 Rxb5 28. Rd8+ Ke7 29. Rc8 Rc5 30. Ke3 h5 31. h4 b5 32. g4 Rc4 33. g5 b4 34. f4 Ke6 35. Re8+ Kf5 36. Re7 b3 37. Rxf7+ Kg4 38. Rf8 Rb4 39. f5 b2 40. fxg6 b1=Q 41. g7 Qe4+ 42. Kd2 Rb2+ 43. Kc3 Rc2+ 44. Kb3 Qc4+ 45. Ka3 Ra2# 0-1


[Site "https://www.chess.com"]

[Event "Titled Tuesday Blitz October 04 Early 2022"]
[White "Rozman, Levy"]
[Black "Salinas Herrera, Pablo"]
[WhiteFideId "2039877"]
[BlackFideId "3407128"]
[WhiteElo "2376"]
[BlackElo "2550"]
[Result "0-1"]
[Round "08"]
[TimeControl "180+1"]
[Date "2022.10.04"]
[WhiteClock "0:00:07"]
[BlackClock "0:00:11"]

1. e4 c5 2. a3 d5 3. exd5 Qxd5 4. Nf3 Nc6 5. Nc3 Qd8 6. Bb5 Bd7 7. d4 cxd4 8. Nxd4 Nxd4 9. Qxd4 a6 10. Bxd7+ Qxd7 11. Qxd7+ Kxd7 12. Bf4 e6 13. O-O-O+ Kc6 14. Ne4 Be7 15. Rd3 f5 16. Nd6 Nf6 17. Nf7 Rhc8 18. Re1 Ne4 19. f3 Nc5 20. Ne5+ Kb5 21. Rc3 Bd6 22. b3 a5 23. Rd1 Bb8 24. Kb1 b6 25. g3 g5 26. Bxg5 Bxe5 27. Re3 Bh8 28. Be7 Rc6 29. Bxc5 bxc5 30. Rd7 Kb6 31. Rxh7 Bd4 32. Rd3 Rd8 33. c3 Bf6 34. Rxd8 Bxd8 35. Kc2 Rd6 36. Rh8 Kc6 37. Re8 Kd7 38. Rh8 Rd5 39. Rh7+ Be7 40. Rh8 Re5 41. f4 Re2+ 42. Kd3 Ra2 43. a4 Bf6 44. Rh7+ Kd6 45. Ra7 Rb2 46. Ra6+ Kd7 47. Kc4 Rc2 48. Kxc5 Rxc3+ 49. Kb5 Rxb3+ 50. Kc5 Be7+ 51. Kc4 Rb4+ 52. Kd3 Rxa4 53. Ra7+ Ke8 54. h4 Ra3+ 55. Kd4 Rxg3 56. Ke5 Kf7 57. Kd4 Rg4 58. h5 Rxf4+ 0-1


[Site "https://www.chess.com"]

[Event "Titled Tuesday Blitz October 04 Early 2022"]
[White "Samunenkov, Ihor"]
[Black "Kosakowski, Jakub"]
[WhiteFideId "14187086"]
[BlackFideId "1185080"]
[WhiteElo "2441"]
[BlackElo "2463"]
[Result "0-1"]
[Round "08"]
[TimeControl "180+1"]
[Date "2022.10.04"]
[WhiteClock "0:00:04"]
[BlackClock "0:00:03"]

1. d4 Nf6 2. c4 e6 3. Nf3 b6 4. g3 Ba6 5. Qa4 Bb7 6. Bg2 Be7 7. O-O O-O 8. Nc3 Ne4 9. Bd2 f5 10. Be1 Bf6 11. Ne5 Nxc3 12. Bxc3 Bxg2 13. Kxg2 d6 14. Nd3 Qc8 15. Rae1 Qb7+ 16. f3 c5 17. e3 Nd7 18. b4 cxd4 19. exd4 Rac8 20. Qb3 Qc7 21. Nb2 Rfe8 22. f4 Qc6+ 23. Kg1 Nf8 24. d5 exd5 25. Rxe8 Rxe8 26. Bxf6 gxf6 27. cxd5 Qb5 28. Qc4 Qd7 29. Qc6 Qe7 30. Nc4 Qe4 31. Nxd6 Qd4+ 32. Kh1 Re7 33. Qc4 Qd2 34. Nxf5 Re2 35. d6+ Kh8 36. Qc6 Rxh2+ 37. Kg1 Rh5 38. Qg2 Qxg2+ 39. Kxg2 Rxf5 40. Rc1 Rd5 41. Rc8 Kg7 42. Rc7+ Kg6 43. Rxa7 Rxd6 44. a4 Ne6 45. a5 bxa5 46. bxa5 Rd2+ 47. Kh3 Rd3 48. Kg4 h5+ 49. Kh4 Nd4 50. a6 Nf5+ 51. Kh3 Rxg3+ 52. Kh2 Ra3 53. Ra8 Kg7 54. a7 Ne3 55. Re8 Ng4+ 56. Kg2 Rxa7 57. Kg3 Kg6 58. Kh4 Ra1 0-1


[Site "https://www.chess.com"]

[Event "Titled Tuesday Blitz October 04 Early 2022"]
[White "Sarana, Alexey"]
[Black "Makarian, Rudik"]
[WhiteFideId "24133795"]
[BlackFideId "44105681"]
[WhiteElo "2689"]
[BlackElo "2405"]
[Result "0-1"]
[Round "08"]
[TimeControl "180+1"]
[Date "2022.10.04"]
[WhiteClock "0:00:01"]
[BlackClock "0:00:09"]

1. c4 g6 2. d4 Bg7 3. e4 d6 4. Nc3 e5 5. d5 Ne7 6. Bd3 a5 7. h4 h5 8. Nh3 Bxh3 9. Rxh3 Nd7 10. Be3 Bh6 11. Bxh6 Rxh6 12. Qd2 Rh8 13. O-O-O Nc5 14. Bc2 Ng8 15. Kb1 Nf6 16. a3 a4 17. Rf1 Qe7 18. Qd1 Kf8 19. f3 Kg7 20. Bxa4 Ra6 21. Bc2 Rha8 22. g4 c6 23. Rg1 Qc7 24. Rhg3 Qb6 25. Kc1 Rxa3 26. bxa3 Rxa3 27. Nb1 Ra2 28. R1g2 hxg4 29. Qf1 Qb2+ 30. Kd1 Ra1 31. Qe2 Rxb1+ 32. Bxb1 Qxb1+ 33. Kd2 gxf3 34. Qxf3 Nfxe4+ 35. Ke2 Qc2+ 36. Ke1 Qc1+ 37. Ke2 Qxc4+ 38. Kd1 Qxd5+ 39. Ke1 Nxg3 40. Qxg3 Qe4+ 41. Re2 Qb1+ 42. Kf2 b5 43. Qg4 b4 44. Kg2 Qd3 45. Rf2 Qe4+ 0-1


[Site "https://www.chess.com"]

[Event "Titled Tuesday Blitz October 04 Early 2022"]
[White "Saydaliev, Saidakbar"]
[Black "Ivic, Velimir"]
[WhiteFideId "14203693"]
[BlackFideId "950122"]
[WhiteElo "2276"]
[BlackElo "2625"]
[Result "0-1"]
[Round "08"]
[TimeControl "180+1"]
[Date "2022.10.04"]
[WhiteClock "0:00:01"]
[BlackClock "0:01:22"]

1. e4 c5 2. Nf3 Nc6 3. Bb5 e6 4. O-O Nge7 5. Re1 Nd4 6. Bf1 Nxf3+ 7. Qxf3 Nc6 8. c3 Be7 9. d3 O-O 10. Be3 d5 11. exd5 exd5 12. d4 cxd4 13. cxd4 Nb4 14. Na3 Be6 15. Bd2 Rc8 16. Bd3 Qb6 17. Bf5 Bf6 18. Bc3 Bxd4 19. Qg4 Rxc3 20. bxc3 Bxc3 21. Rxe6 fxe6 22. Bxe6+ Kh8 23. Rf1 Nd3 24. Bf5 Nxf2 25. Rxf2 Be1 0-1


[Site "https://www.chess.com"]

[Event "Titled Tuesday Blitz October 04 Early 2022"]
[White "Svane, Frederik"]
[Black "Lazavik, Denis"]
[WhiteFideId "12923044"]
[BlackFideId "13515110"]
[WhiteElo "2466"]
[BlackElo "2437"]
[Result "0-1"]
[Round "08"]
[TimeControl "180+1"]
[Date "2022.10.04"]
[WhiteClock "0:00:01"]
[BlackClock "0:00:27"]

1. e4 c5 2. Nf3 e6 3. c4 Nc6 4. d4 cxd4 5. Nxd4 Qb6 6. Nc2 Nf6 7. Nc3 Bc5 8. Qd2 Ng4 9. f3 Nf2 10. Na4 Qc7 11. Nxc5 Nxh1 12. g3 O-O 13. Bg2 Nxg3 14. hxg3 Qxg3+ 15. Qf2 Qc7 16. Be3 b6 17. Nd3 Ba6 18. O-O-O Bxc4 19. Kb1 Rac8 20. Bf4 e5 21. Bc1 d5 22. Bf1 Rfd8 23. b3 dxe4 24. fxe4 Be6 25. Bb2 f6 26. Be2 a5 27. Rc1 Qb7 28. Rg1 a4 29. Qxf6 Qf7 30. Qxf7+ Bxf7 31. Nxe5 axb3 32. axb3 Nxe5 33. Bxe5 g6 34. Nd4 Re8 35. Nf3 Bxb3 36. Kb2 Bc4 37. Bxc4+ Rxc4 38. Re1 b5 39. Kb3 Rd8 40. Re3 Re8 0-1


[Site "https://www.chess.com"]

[Event "Titled Tuesday Blitz October 04 Early 2022"]
[White "Svane, Rasmus"]
[Black "Harsh Suresh"]
[WhiteFideId "4657101"]
[BlackFideId "45018464"]
[WhiteElo "2674"]
[BlackElo "2180"]
[Result "1-0"]
[Round "08"]
[TimeControl "180+1"]
[Date "2022.10.04"]
[WhiteClock "0:00:56"]
[BlackClock "0:00:07"]

1. Nf3 d5 2. g3 Bg4 3. Bg2 c6 4. O-O Nf6 5. h3 Bh5 6. d4 e6 7. c4 Nbd7 8. cxd5 exd5 9. Ne5 Bd6 10. f4 Bg6 11. Nc3 h5 12. Nxg6 fxg6 13. Qc2 Nf8 14. e4 dxe4 15. Nxe4 Nxe4 16. Bxe4 Kd7 17. Be3 Qf6 18. Rac1 Qe6 19. f5 Qe7 20. fxg6 Nxg6 21. Rce1 Nf8 22. Qb3 Kc7 23. Rf7 Qxf7 24. Qxf7+ Nd7 25. Bf4 Bxf4 26. Qxf4+ Kb6 27. Qd6 Rad8 28. Re3 a6 29. Rb3+ Ka7 30. Qc7 Rb8 31. Bxc6 Rhd8 32. Rxb7+ 1-0


[Site "https://www.chess.com"]

[Event "Titled Tuesday Blitz October 04 Early 2022"]
[White "Terry, Renato"]
[Black "Gan-Od, Sereenen"]
[WhiteFideId "3803457"]
[BlackFideId "4901304"]
[WhiteElo "2577"]
[BlackElo "2316"]
[Result "1-0"]
[Round "08"]
[TimeControl "180+1"]
[Date "2022.10.04"]
[WhiteClock "0:00:47"]
[BlackClock "0:01:07"]

1. d4 Nf6 2. Bg5 e6 3. e4 d5 4. e5 h6 5. Be3 Nfd7 6. f4 c5 7. c3 Nc6 8. a3 cxd4 9. cxd4 a5 10. Nc3 g6 11. Nf3 Be7 12. Bd3 O-O 13. O-O Kg7 14. g4 f5 15. gxf5 gxf5 16. Kh1 Kh7 17. Rg1 Qe8 18. Qe2 Qf7 19. Rg3 Rg8 20. Rag1 Rxg3 21. Rxg3 Nf8 22. Rh3 Kg7 23. Rg3+ Kh7 24. Qg2 Bd7 25. Rh3 Qg6 26. Rg3 Qf7 27. Nb5 Rc8 28. Nd6 Bxd6 29. exd6 Ng6 30. Ne5 Ncxe5 31. fxe5 b5 32. Rh3 Qg7 33. Qg5 Kg8 34. Rxh6 Nf8 35. Qf4 b4 36. axb4 axb4 37. Rh3 Ra8 38. Rg3 Ra1+ 39. Kg2 Ng6 40. Qg5 Kf7 41. h4 Rd1 42. Be2 Re1 43. Kf2 Rh1 44. h5 Rh2+ 45. Ke1 1-0


[Site "https://www.chess.com"]

[Event "Titled Tuesday Blitz October 04 Early 2022"]
[White "Tin, Jingyao"]
[Black "Hakobyan, Aram"]
[WhiteFideId "5804418"]
[BlackFideId "13306677"]
[WhiteElo "2462"]
[BlackElo "2563"]
[Result "0-1"]
[Round "08"]
[TimeControl "180+1"]
[Date "2022.10.04"]
[WhiteClock "0:00:01"]
[BlackClock "0:00:52"]

1. d4 Nf6 2. c4 e6 3. Nf3 b6 4. g3 Bb7 5. Bg2 Bb4+ 6. Bd2 Be7 7. O-O O-O 8. Nc3 c6 9. e4 d5 10. e5 Ne4 11. Re1 Nxd2 12. Nxd2 Nd7 13. Rc1 Rc8 14. h4 a6 15. a3 dxc4 16. Nxc4 b5 17. Nd2 Qb6 18. Nb3 Rfd8 19. Qg4 b4 20. Na4 Qb5 21. Nac5 Nxc5 22. Nxc5 Bxc5 23. Rxc5 Qa4 24. Rc4 a5 25. axb4 Ba6 26. Rc5 Qxb4 27. Rd1 Qxb2 28. Qe4 a4 29. Rxc6 Rxc6 30. Qxc6 Be2 31. Qc7 Rf8 32. Re1 a3 33. d5 a2 34. Qa5 Bd3 35. d6 Bb1 36. d7 Qd4 37. Bc6 a1=Q 0-1


[Site "https://www.chess.com"]

[Event "Titled Tuesday Blitz October 04 Early 2022"]
[White "Vignesh, N R"]
[Black "Gunina, Valentina"]
[WhiteFideId "25012215"]
[BlackFideId "4167570"]
[WhiteElo "2386"]
[BlackElo "2376"]
[Result "0-1"]
[Round "08"]
[TimeControl "180+1"]
[Date "2022.10.04"]
[WhiteClock "0:00:31"]
[BlackClock "0:01:08"]

1. d4 d5 2. c4 c6 3. Nf3 Nf6 4. e3 Bg4 5. Nc3 Bxf3 6. Qxf3 e6 7. Bd3 Nbd7 8. Qd1 Bd6 9. O-O dxc4 10. Bxc4 Qe7 11. e4 e5 12. d5 Nb6 13. Bb3 cxd5 14. Bxd5 Nfxd5 15. Nxd5 Nxd5 16. Qxd5 Rd8 17. Be3 O-O 18. Bxa7 Ra8 19. Rfd1 Ba3 20. Be3 Bxb2 21. Bc5 Qe6 22. Rab1 Qxd5 23. Rxd5 Bd4 24. Bxf8 Kxf8 25. Rxb7 Ke8 26. Kf1 Rxa2 27. f4 Rf2+ 28. Ke1 Rxf4 29. Ra5 Bc3+ 0-1


[Site "https://www.chess.com"]

[Event "Titled Tuesday Blitz October 04 Early 2022"]
[White "Weetik, Vjacheslav"]
[Black "Abdisalimov, Abdimalik"]
[WhiteFideId "4153472"]
[BlackFideId "14206323"]
[WhiteElo "2469"]
[BlackElo "2401"]
[Result "0-1"]
[Round "08"]
[TimeControl "180+1"]
[Date "2022.10.04"]
[WhiteClock "0:00:10"]
[BlackClock "0:00:09"]

1. d4 Nf6 2. Bf4 c5 3. e3 Nd5 4. Bg3 Qb6 5. Nc3 Nxc3 6. bxc3 e6 7. Bd3 Nc6 8. Ne2 d5 9. Nf4 Be7 10. Qh5 c4 11. Be2 Qa5 12. O-O Qxc3 13. Bg4 O-O 14. Rac1 Ba3 15. Rb1 Qxc2 16. Qh3 c3 17. Be2 f5 18. Rb3 Bb2 19. Qh5 Bc1 20. Bd3 Qxa2 21. Rxc3 Ba3 22. h4 Be7 23. Qf3 Bd7 24. Nh5 Be8 25. Bf4 Qa5 26. Rcc1 Qd8 27. Bh2 Bxh4 28. Nf4 Bf7 29. g4 e5 30. Ng2 e4 31. Qh3 fxg4 32. Qxh4 Qxh4 33. Nxh4 exd3 34. Rfd1 g5 35. Nf5 Bg6 36. Nh6+ Kg7 37. Nxg4 Bh5 38. Ne5 Bxd1 39. Rxd1 Nb4 40. Nxd3 Nxd3 41. Rxd3 b5 42. Bd6 Rfc8 43. Bc5 a5 44. f3 b4 45. e4 Kf7 46. exd5 Rd8 47. d6 Ra6 48. Re3 Raxd6 49. Bxd6 Rxd6 50. Re5 a4 51. Rxg5 b3 52. Ra5 Rxd4 0-1


[Site "https://www.chess.com"]

[Event "Titled Tuesday Blitz October 04 Early 2022"]
[White "Wirig, Anthony"]
[Black "Hambleton, Aman"]
[WhiteFideId "615013"]
[BlackFideId "2606577"]
[WhiteElo "2474"]
[BlackElo "2538"]
[Result "1-0"]
[Round "08"]
[TimeControl "180+1"]
[Date "2022.10.04"]
[WhiteClock "0:00:08"]
[BlackClock "0:00:02"]

1. d4 Nf6 2. Bg5 e6 3. e3 h6 4. Bh4 b6 5. Nd2 Bb7 6. Ngf3 d6 7. Bxf6 Qxf6 8. g3 g6 9. Bg2 Bg7 10. O-O O-O 11. c3 Qe7 12. Re1 c5 13. a3 Nc6 14. Rc1 Rfd8 15. Qc2 Rac8 16. Qb1 d5 17. h4 e5 18. dxe5 Nxe5 19. Nxe5 Qxe5 20. Rcd1 Qe7 21. h5 g5 22. Nf1 Rd6 23. Rd2 Rcd8 24. Red1 a5 25. Nh2 Bc6 26. Ng4 Ba4 27. Re1 Bd7 28. Nh2 Qe5 29. Qa2 Be6 30. Qb1 f5 31. Qc1 g4 32. Nf1 Bf7 33. Red1 c4 34. e4 fxe4 35. Ne3 Bxh5 36. Qc2 Bf8 37. Qa4 Qg5 38. Qb5 Bf7 39. a4 h5 40. Rd4 Qe5 41. Bxe4 Qf6 42. Bxd5 Kg7 43. Bxf7 Rxd4 44. cxd4 Qxf7 45. Qg5+ Kh7 46. Qxd8 1-0


[Site "https://www.chess.com"]

[Event "Titled Tuesday Blitz October 04 Early 2022"]
[White "Yaran, Siar"]
[Black "Nigmatov, Ortik"]
[WhiteFideId "6323006"]
[BlackFideId "14202131"]
[WhiteElo "2191"]
[BlackElo "2378"]
[Result "0-1"]
[Round "08"]
[TimeControl "180+1"]
[Date "2022.10.04"]
[WhiteClock "0:00:19"]
[BlackClock "0:02:26"]

1. e4 c5 2. Nf3 e6 3. d4 cxd4 4. Nxd4 Nf6 5. Nc3 d6 6. g4 e5 7. Nf5 h5 8. g5 Nxe4 9. Nxg7+ Bxg7 10. Nxe4 d5 11. Ng3 Bg4 12. Be2 Nc6 13. Bxg4 hxg4 14. Nf5 Nd4 15. Nxd4 exd4 16. Qxg4 O-O 17. O-O Qc8 18. Qf3 Qxc2 19. Bf4 Qe4 20. Qg3 Rfe8 21. Rad1 Rac8 22. Rd2 Rc2 23. Rfd1 Rxd2 24. Bxd2 Qe2 25. Qb3 d3 26. Bf4 Bd4 27. Bg3 d2 28. Qc2 Qxd1+ 0-1


[Site "https://www.chess.com"]

[Event "Titled Tuesday Blitz October 04 Early 2022"]
[White "Zelbel, Patrick"]
[Black "Guzman, Christopher"]
[WhiteFideId "24624322"]
[BlackFideId "6405096"]
[WhiteElo "2474"]
[BlackElo "2272"]
[Result "1-0"]
[Round "08"]
[TimeControl "180+1"]
[Date "2022.10.04"]
[WhiteClock "0:00:20"]
[BlackClock "0:01:04"]

1. e4 c6 2. c4 d5 3. exd5 cxd5 4. cxd5 Qxd5 5. Nc3 Qd8 6. Nf3 Nf6 7. d4 e6 8. Bc4 Be7 9. O-O O-O 10. Qe2 a6 11. a3 b5 12. Ba2 Bb7 13. Bg5 Nbd7 14. Rad1 Nd5 15. Bxd5 Bxd5 16. Bxe7 Bxf3 17. Qxf3 Qxe7 18. d5 exd5 19. Nxd5 Qd6 20. Rfe1 Ne5 21. Qe4 Ng6 22. h4 f5 23. Qd4 Qd8 24. h5 Nh4 25. Ne7+ Kh8 26. Qxh4 Qc7 27. Ng6+ 1-0


[Site "https://www.chess.com"]

[Event "Titled Tuesday Blitz October 04 Early 2022"]
[White "Zhigalko, Sergei"]
[Black "Bodnaruk, Anastasia"]
[WhiteFideId "13502956"]
[BlackFideId "4181751"]
[WhiteElo "2662"]
[BlackElo "2332"]
[Result "1-0"]
[Round "08"]
[TimeControl "180+1"]
[Date "2022.10.04"]
[WhiteClock "0:00:07"]
[BlackClock "0:00:02"]

1. e4 c5 2. Nf3 d6 3. d4 cxd4 4. Qxd4 Nf6 5. Nc3 Nc6 6. Bb5 Bd7 7. Bxc6 Bxc6 8. Bg5 e6 9. O-O-O Be7 10. Rhe1 O-O 11. Kb1 Qa5 12. Qd2 Qc7 13. Nd4 a6 14. f3 Rfd8 15. g4 b5 16. Nce2 h6 17. Be3 d5 18. e5 Nd7 19. f4 Nc5 20. Ng3 Ne4 21. Qg2 b4 22. f5 Rab8 23. fxe6 Nc3+ 24. Ka1 Qa5 25. exf7+ Kh8 26. bxc3 bxc3 27. Nb3 Qa4 28. Rd4 Rb4 29. Rb1 Rdb8 30. Ne2 Rxd4 31. Bxd4 Rb4 32. Nxc3 Qa3 33. Qf2 Bf8 34. e6 Rc4 35. Qe3 Be7 36. Qxh6# 1-0


[Site "https://www.chess.com"]

[Event "Titled Tuesday Blitz October 04 Early 2022"]
[White "Bodnaruk, Anastasia"]
[Black "Timofeev, Artyom"]
[WhiteFideId "4181751"]
[BlackFideId "4140419"]
[WhiteElo "2332"]
[BlackElo "2579"]
[Result "0-1"]
[Round "09"]
[TimeControl "180+1"]
[Date "2022.10.04"]
[WhiteClock "0:00:01"]
[BlackClock "0:00:46"]

1. e4 c6 2. d4 d5 3. e5 Bf5 4. Nf3 e6 5. Be2 h6 6. O-O Ne7 7. Nbd2 Bh7 8. Nb3 Nd7 9. a4 Ng6 10. Bd3 Be7 11. c3 O-O 12. Qc2 Re8 13. g3 Ngf8 14. Be3 Bxd3 15. Qxd3 f6 16. Rfe1 fxe5 17. dxe5 c5 18. c4 d4 19. Bf4 Nb8 20. h4 Nc6 21. Bd2 Qd7 22. Re4 b6 23. h5 Bd8 24. Rg4 Kh8 25. Qe4 Rc8 26. Nc1 Qf7 27. Nd3 Qxh5 28. Nh4 Bxh4 29. Rxh4 Qf5 30. Qe2 Nh7 31. Kg2 Nb4 32. Nf4 Ng5 33. f3 Nc2 34. Rah1 Kg8 35. g4 Qf7 36. Qd3 Ne3+ 37. Bxe3 dxe3 38. Qxe3 Rf8 39. Nh5 Qxf3+ 40. Qxf3 Nxf3 41. R4h3 Ng5 42. Rd3 Rcd8 43. Rhd1 Rxd3 44. Rxd3 Rf7 45. Rd8+ Kh7 46. Kg3 Ne4+ 47. Kg2 Kg6 48. Re8 Kg5 49. Rxe6 Kxg4 0-1


[Site "https://www.chess.com"]

[Event "Titled Tuesday Blitz October 04 Early 2022"]
[White "Bortnyk, Mykola"]
[Black "Abdisalimov, Abdimalik"]
[WhiteFideId "14120836"]
[BlackFideId "14206323"]
[WhiteElo "2582"]
[BlackElo "2401"]
[Result "1-0"]
[Round "09"]
[TimeControl "180+1"]
[Date "2022.10.04"]
[WhiteClock "0:00:47"]
[BlackClock "0:00:01"]

1. e4 c5 2. c3 Nf6 3. e5 Nd5 4. Nf3 Nc6 5. d4 cxd4 6. cxd4 d6 7. Bc4 Nb6 8. Bb5 d5 9. Nc3 Bg4 10. h3 Bxf3 11. Qxf3 e6 12. O-O Rc8 13. Rd1 a6 14. Be2 Be7 15. Qg3 g6 16. Bh6 Bf8 17. Bxf8 Kxf8 18. h4 Kg7 19. Rd3 h5 20. Qf4 Ne7 21. Rg3 Nf5 22. Rg5 Nd7 23. Rd1 Nf8 24. Rd3 Nh7 25. Rxf5 exf5 26. Bf3 Nf8 27. Nxd5 Ne6 28. Qg3 Rc1+ 29. Kh2 Rc4 30. Nf4 Rxd4 31. Rxd4 Qxd4 32. Qxg6+ Kf8 33. Nxe6+ fxe6 34. Qf6+ Kg8 35. Qxe6+ Kg7 36. Qf6+ Kg8 37. Qg6+ Kf8 38. Qxf5+ Ke8 39. Qc8+ Kf7 40. Qxh8 Qxh4+ 41. Kg1 Qd4 42. e6+ 1-0


[Site "https://www.chess.com"]

[Event "Titled Tuesday Blitz October 04 Early 2022"]
[White "Domingo Nunez, Ruben"]
[Black "Sarana, Alexey"]
[WhiteFideId "22245570"]
[BlackFideId "24133795"]
[WhiteElo "2406"]
[BlackElo "2689"]
[Result "0-1"]
[Round "09"]
[TimeControl "180+1"]
[Date "2022.10.04"]
[WhiteClock "0:00:02"]
[BlackClock "0:01:40"]

1. c4 e6 2. Nf3 d5 3. e3 Nf6 4. b3 Bd6 5. Bb2 O-O 6. Be2 Re8 7. O-O Nbd7 8. d4 b6 9. a4 a5 10. Ne5 Bb7 11. Nd2 c5 12. Ndf3 Ne4 13. Nxd7 Qxd7 14. Ne5 Qc7 15. f3 Nf6 16. Rc1 Rad8 17. Qe1 cxd4 18. cxd5 Qe7 19. Bxd4 Nxd5 20. Bb5 Rf8 21. Nc4 Bc7 22. Qf2 e5 23. Bb2 Nb4 24. Ba3 e4 25. f4 Rd3 26. Ne5 Rxb3 27. Bxb4 axb4 28. Rfd1 Bxe5 29. Rd7 Qxd7 30. Bxd7 Bc3 31. Bb5 Rb2 32. Qf1 Bd2 33. Rb1 Bxe3+ 34. Kh1 Rf2 35. Qe1 Bc5 0-1


[Site "https://www.chess.com"]

[Event "Titled Tuesday Blitz October 04 Early 2022"]
[White "Duda, Jan-Krzysztof"]
[Black "Bharath Subramaniyam H"]
[WhiteFideId "1170546"]
[BlackFideId "46634827"]
[WhiteElo "2779"]
[BlackElo "2395"]
[Result "1-0"]
[Round "09"]
[TimeControl "180+1"]
[Date "2022.10.04"]
[WhiteClock "0:00:45"]
[BlackClock "0:00:01"]

1. c4 c6 2. Nf3 d5 3. e3 Nf6 4. Nc3 e6 5. b3 Bd6 6. Bb2 O-O 7. Be2 b6 8. Rg1 Bb7 9. g4 Na6 10. h4 Ne4 11. Nxe4 dxe4 12. Ng5 Nc5 13. Qc2 Rb8 14. b4 Nd3+ 15. Bxd3 exd3 16. Qxd3 g6 17. Ne4 Be7 18. Qxd8 Rfxd8 19. Bf6 Bxf6 20. Nxf6+ Kg7 21. g5 Ba6 22. Rg4 Rd3 23. a4 Rbd8 24. b5 Bb7 25. Ra2 Rb3 26. Ke2 a6 27. bxc6 Bxc6 28. c5 bxc5 29. Rc2 Bb7 30. Rxc5 Rb2 31. Rd4 Rxd4 32. exd4 Rb4 33. Rc7 h6 34. a5 hxg5 35. hxg5 Rb3 36. d3 Kf8 37. Nd7+ Kg8 38. Ne5 Rb5 39. Nxf7 Bd5 40. Ne5 Rxa5 41. Nxg6 Ra2+ 42. Ke3 a5 43. Ne5 a4 44. g6 1-0


[Site "https://www.chess.com"]